 Dungeon Crawl Stone Soup version 0.19-a0-1888-g6ba2374 (webtiles) character file.

1235 HANFGEIST the Nimble (level 8, -4/41 HPs)
             Began as a Deep Elf Wizard on Oct 14, 2016.
             Slain by an ogre
             ... wielding a +0 giant spiked club
              (16 damage)
             ... on level 5 of the Dungeon on Oct 17, 2016.
             The game lasted 00:18:54 (6323 turns).

HANFGEIST the Nimble (Deep Elf Wizard)              Turns: 6323, Time: 00:18:55

Health: -4/41      AC:  3    Str:  4    XL:     8   Next: 24%
Magic:  4/16       EV: 17    Int: 26    God:
Gold:   136        SH:  0    Dex: 13    Spells: 5 memorised, 5 levels left

rFire  + . .     SeeInvis .     i - +2 whip (flame)
rCold  + . .     Gourm    .     a - +0 robe
rNeg   . . .     Faith    .     (no shield)
rPois  .         Spirit   .     b - +1 hat
rElec  .         Dismiss  .     (no cloak)
rCorr  .         Reflect  .     (no gloves)
MR     .....     Harm     .     (no boots)
Stlth  ++........               (no amulet)
                                m - ring of protection from fire
                                h - ring of protection from cold

@: repel missiles
A: no striking features
a: no special abilities


You were on level 5 of the Dungeon.
You were not hungry.

You visited 2 branches of the dungeon, and saw 7 of its levels.

You collected 136 gold pieces.

Inventory:

Hand Weapons
 e - a +0 dagger
 i - a +2 whip of flaming (weapon)
 q - a +0 flail of protection
 J - a +3 rapier of speed
Armour
 a - a +0 robe (worn)
 b - a +1 hat (worn)
Jewellery
 h - a ring of protection from cold (left hand)
 m - a ring of protection from fire (right hand)
Wands
 r - a wand of flame (0/48)
 A - a wand of flame (11/48)
 H - a wand of iceblast (3/15)
Scrolls
 f - 2 scrolls of remove curse
 g - a scroll of enchant armour
 k - 2 scrolls of enchant weapon
 p - a scroll of recharging
 y - 2 scrolls of amnesia
 C - a scroll of fear
Potions
 l - a potion of curing
 o - a potion of degeneration {unknown}
 s - a potion of flight {unknown}
 u - a potion of beneficial mutation {unknown}
 z - a potion of mutation {unknown}
 B - a potion of cancellation {unknown}
 D - a potion of ambrosia {unknown}
 F - a potion of agility {unknown}
 G - a potion of brilliance {unknown}
Books
 c - a book of Minor Magic

   Spells                             Type                      Level
   a - Magic Dart                     Conjuration                  1
   b - Blink                          Translocation                2
   c - Call Imp                       Summoning                    2
   d - Repel Missiles                 Charms/Air                   2
   e - Slow                           Hexes                        2
   f - Conjure Flame                  Conjuration/Fire             3
   g - Mephitic Cloud                 Conjuration/Poison/Air       3
 w - a book of Misfortune

   Spells                             Type                      Level
   a - Confusing Touch                Hexes                        1
   b - Confuse                        Hexes                        3
   c - Gell's Gravitas                Hexes/Translocation          3
   d - Petrify                        Transmutation/Earth          4
   e - Metabolic Englaciation         Hexes/Ice                    5
   f - Yara's Violent Unravelling     Hexes/Transmutation          5
 E - a book of Cantrips

   Spells                             Type                      Level
   a - Confusing Touch                Hexes                        1
   b - Animate Skeleton               Necromancy                   1
   c - Summon Small Mammal            Summoning                    1
   d - Apportation                    Translocation                1
Comestibles
 d - 4 bread rations
 j - a meat ration
 n - 5 chunks of flesh
 t - a royal jelly


   Skills:
 * Level 8.8 Dodging
 - Level 2.4 Stealth
 - Level 4.4 Spellcasting
 - Level 6.2 Conjurations
 - Level 1.1 Summonings
 - Level 1.1 Translocations
 + Level 2.5 Air Magic
 + Level 2.8 Poison Magic


You had 5 spell levels left.
You knew the following spells:

 Your Spells              Type           Power        Failure   Level  Hunger
a - Magic Dart            Conj           ####         1%          1    None
b - Call Imp              Summ           ##......     10%         2    None
c - Repel Missiles        Chrm/Air       ##....       10%         2    None
d - Mephitic Cloud        Conj/Pois/Air  ####....     8%          3    ##.....
e - Blink                 Tloc           N/A          10%         2    None


Dungeon Overview and Level Annotations

Branches:
Dungeon (6/15)             Temple (1/1) D:4

Altars:
Ashenzari
Cheibriados
Dithmenos
Elyvilon
Fedhas
Gozag
Hepliaklqana
Kikubaaqudgha
Makhleb
Nemelex Xobeh
Okawaru
Qazlal
Ru
Sif Muna
Trog
Uskayaw
Xom
Yredelemnul
Zin
The Shining One

Shops:
D:5 (

Annotations:
D:3 Grinder
D:5 Naow's ghost, novice FoFi


Message History

You climb upwards.
You hear the sound of rushing water.
There is an entrance to a sewer on this level.
Hurry and find it before the portal rusts away!
You hear the brisk rusting of a drain nearby.
Level annotation: Naow's ghost, novice FoFi An ogre comes into view.
It is wielding a giant spiked club.
Found a ruby potion.
There is a stone staircase leading down here.
The ogre shouts!
The crimson imp misses you. The crimson imp puffs mist at you.
Found a metallic emerald potion.
The ogre barely misses you. The crimson imp hits you.
The crimson imp barely misses you.
The ogre hits you with a giant spiked club!!
Ouch! That really hurt!
* * * LOW HITPOINT WARNING * * *
The ogre hits you with a giant spiked club!
You die...

#.ยง.# $. .....
..
###+#####....+).
##########.......
#....#..
#.!..............
#+####..
#................
..
#................
##
#................
#........@..!....
#.......O5.......
#..>.....#.......
#........########
########.# ###


You could see an ogre and a crimson imp.

Vanquished Creatures
  Edmund (D:4)
  A sky beast (D:5)
  A phantom (D:4)
  2 ogres
  A centaur (D:4)
  A big kobold (D:5)
  A bullfrog (D:6)
  3 orc wizards
  A hound (D:4)
  5 worker ants (D:4)
  A hound zombie (D:5)
  7 gnolls
  8 adders
  2 worms
  2 leopard geckos
  6 orcs
  2 ball pythons
  3 giant cockroaches
  8 goblins
  6 hobgoblins
  4 jackals (D:6)
  8 kobolds
  A quokka (D:2)
  4 bats
  3 frilled lizards
  6 rats
88 creatures vanquished.

Vanquished Creatures (collateral kills)
  A sky beast (D:4)
  An ogre (D:4)
2 creatures vanquished.

Grand Total: 90 creatures vanquished

Notes
Turn   | Place    | Note
-------+----------+-------------------------------------------
     0 | D:1      | HANFGEIST the Deep Elf Wizard began the quest for the Orb.
     0 | D:1      | Reached XP level 1. HP: 10/10 MP: 7/7
   263 | D:1      | Reached skill level 3 in Dodging
   263 | D:1      | Reached XP level 2. HP: 15/15 MP: 6/9
  1504 | D:2      | Reached XP level 3. HP: 16/19 MP: 3/10
  2223 | D:3      | Reached skill level 4 in Dodging
  2570 | D:3      | Reached XP level 4. HP: 24/24 MP: 8/12
  2684 | D:3      | Noticed Grinder
  2728 | D:4      | Found a stormy altar of Qazlal.
  2809 | D:4      | Learned a level 2 spell: Call Imp
  2812 | D:4      | Learned a level 2 spell: Repel Missiles
  2816 | D:4      | Learned a level 3 spell: Mephitic Cloud
  2819 | D:4      | Learned a level 2 spell: Blink
  3342 | D:3      | Reached XP level 5. HP: 28/28 MP: 9/13
  3436 | D:3      | Reached skill level 5 in Dodging
  3512 | D:3      | Found an iron altar of Okawaru.
  3671 | D:3      | Found a sparkling altar of Nemelex Xobeh.
  3787 | D:4      | Noticed an ogre
  3809 | D:4      | Killed an ogre
  4038 | D:4      | Reached XP level 6. HP: 32/32 MP: 0/14
  4202 | D:4      | Reached skill level 6 in Dodging
  4326 | D:4      | Noticed Edmund
  4354 | D:4      | Found a staircase to the Ecumenical Temple.
  4407 | Temple   | Entered the Ecumenical Temple
  4624 | D:4      | HP: 1/32 [cloud of noxious fumes (1)]
  4689 | D:4      | Reached skill level 5 in Conjurations
  4695 | D:4      | Killed Edmund
  4857 | D:4      | Upgraded the game from 0.19-a0-1879-gd95bc26 to 0.19-a0-1888-g6ba2374
  4942 | D:4      | Reached skill level 7 in Dodging
  4942 | D:4      | Reached XP level 7. HP: 11/36 MP: 13/15
  5570 | D:4      | Reached skill level 1 in Air Magic
  5654 | D:4      | Reached skill level 1 in Poison Magic
  5948 | D:5      | Entered Level 5 of the Dungeon
  5957 | D:5      | Found Fipeofo's Antique Weapon Shoppe.
  6011 | D:5      | Reached skill level 8 in Dodging
  6013 | D:5      | Reached XP level 8. HP: 32/41 MP: 9/16
  6104 | D:5      | Found a bloodstained altar of Trog.
  6106 | D:5      | Found a snail-covered altar of Cheibriados.
  6108 | D:5      | Found a burning altar of Makhleb.
  6155 | D:5      | Found a glowing golden altar of the Shining One.
  6155 | D:5      | Found a hide-covered altar of Uskayaw.
  6192 | D:5      | Noticed Naow's ghost (novice FoFi)
  6323 | D:5      | Slain by an ogre

Vault maps used:
D:1:      minmay_arrival_wavy_path, serial_forest, infiniplex_forest_corner_1,
          infiniplex_forest_clump_small, infiniplex_forest_clump_curved,
          infiniplex_forest_lined_ring
D:2:      feat_on_display
D:3:      overflow_temple_1_default, first_bread, grunt_ministairs_8,
          okawaru_gym_becter, uniq_grinder
D:4:      grunt_qazlal_clouds, uniq_edmund
D:5:      kennysheep_big_flooded_room, gammafunk_temple_overflow_statue,
          kennysheep_mini, grunt_temple_overflow_diamond, serial_shops,
          nicolae_shop_waterfront, portal_sewer_entry_b
D:6:      gup_ossuary_entry_pyramid
Temple:   jpeg_temple_clearing

Skill      XL: |  1  2  3  4  5  6  7 |
---------------+----------------------+-----
Dodging        | 3 4 5 7 8 |  8.8
Conjurations   | 2 3 4 5 6 |  6.2
Air Magic      | 2 |  2.5
Poison Magic   | 2 |  2.8
Stealth        | |  2.4
Spellcasting   | |  4.4
Summonings     | |  1.1
Translocations | |  1.1

Action                   |  1- 3 |  4- 6 |  7- 9 || total
-------------------------+-------+-------+-------++-------
Melee: Whip              |     6 |    31 |    79 ||   116
 Cast: Magic Dart        |    81 |    86 |    27 ||   194
       Mephitic Cloud    |       |    15 |    21 ||    36
       Repel Missiles    |       |     2 |       ||     2
       Blink             |       |     1 |       ||     1
       Call Imp          |       |     3 |     4 ||     7
Evoke: Wand              |       |    16 |       ||    16
  Use: Potion            |       |     2 |       ||     2
       Scroll            |       |       |     9 ||     9
 Stab: Sleeping          |     1 |       |       ||     1
       Confused          |       |     3 |     5 ||     8
  Eat: Chunk             |     5 |     8 |     5 ||    18
Armor: Robe              |     3 |     1 |     9 ||    13
Dodge: Dodged            |    14 |    24 |    56 ||    94
       Deflected         |       |     1 |     2 ||     3
